Workbook
Name StartingBalance: Summary!$J$4

Sheet Summary
A1: Monthly Budget Summary
H4: Vacation Budget: | J4: =SUM(D22:D31) -> 0
D6: =IFERROR(__xludf.DUMMYFUNCTION("SPARKLINE(D11,{""charttype"",""column"";""ymin"", 0; ""ymax"",MAX(D11:E11);""firstcolor"",""#334960""})"),"") | E6: =IFERROR(__xludf.DUMMYFUNCTION("SPARKLINE(E11,{""charttype"",""column"";""ymin"", 0; ""ymax"",max(D11:E11);""firstcolor"",""#f46524""})"),"")
I7: =iferror(E11/D11-1, "")
I8: =if(I7 < 0, "Over Budget", "Under Budget") -> Under Budget
I9: =iferror(E11-D11, 0) -> 0
D10: START BALANCE | E10: END BALANCE | I10: =if(J9<0, "Spent Extra", "Money Saved") -> Money Saved
D11: =if(isblank(J4),0,J4) -> 0 | E11: =D11+(I16-C16) -> 0
B14: Expenses | H14: Income
B15: Planned | C15: =D20 -> 0 | D15: =IFERROR(__xludf.DUMMYFUNCTION("SPARKLINE(C15,{""charttype"",""bar"";""max"",max(C15:C16);""color1"",""#AEB7C0""})"),"") | H15: Planned | I15: =J20 -> 0 | J15: =IFERROR(__xludf.DUMMYFUNCTION("SPARKLINE(I15,{""charttype"",""bar"";""max"",max(I15:I16);""color1"",""#AEB7C0""})"),"")
B16: Actual | C16: =E20 -> 0 | D16: =IFERROR(__xludf.DUMMYFUNCTION("SPARKLINE(C16,{""charttype"",""bar"";""max"",max(C15:C16);""color1"",""#334960""})"),"") | H16: Actual | I16: =K20 -> 0 | J16: =IFERROR(__xludf.DUMMYFUNCTION("SPARKLINE(I16,{""charttype"",""bar"";""max"",max(I15:I16);""color1"",""#334960""})"),"")
B18: Expenses | H18: Budget
D19: Planned | E19: Actual | F19: Diff. | J19: Planned | K19: Actual | L19: Diff.
B20: Totals | D20: =sum(D21:D33) -> 0 | E20: =sum(E21:E33) -> 0 | F20: =sum(F21:F33) -> 0 | H20: Totals | J20: =sum(J21:J24) -> 0 | K20: =sum(K21:K24) -> 0 | L20: =sum(L21:L24) -> 0
E21: =if(isblank($B21), "", sumif('Expense Tracker'!$E:$E,$B21,'Expense Tracker'!$C:$C)) | F21: =if(isblank($B21), "", D21-E21) | K21: =if(isblank($H21), "", sumif('Expense Tracker'!$J:$J,$H21,'Expense Tracker'!$H:$H)) | L21: =if(isblank($H21), "", K21-J21)
B22: Expense Catagory #1 | D22: 0 | E22: =if(isblank($B22), "", sumif('Expense Tracker'!$E:$E,$B22,'Expense Tracker'!$C:$C)) -> 0 | F22: =if(isblank($B22), "", D22-E22) -> 0 | H22: Vacation Budget | J22: =J4 -> 0 | K22: =if(isblank(#REF!), "", sumif('Expense Tracker'!$J:$J,#REF!,'Expense Tracker'!$H:$H)) -> 0 | L22: =if(isblank(#REF!), "", K22-J22) -> 0
B23: Expense Catagory #2 | D23: 0 | E23: =if(isblank($B23), "", sumif('Expense Tracker'!$E:$E,$B23,'Expense Tracker'!$C:$C)) -> 0 | F23: =if(isblank($B23), "", D23-E23) -> 0
B24: Expense Catagory #3 | D24: 0 | E24: =if(isblank($B24), "", sumif('Expense Tracker'!$E:$E,$B24,'Expense Tracker'!$C:$C)) -> 0 | F24: =if(isblank($B24), "", D24-E24) -> 0
B25: Expense Catagory #4 | D25: 0 | E25: =if(isblank($B25), "", sumif('Expense Tracker'!$E:$E,$B25,'Expense Tracker'!$C:$C)) -> 0 | F25: =if(isblank($B25), "", D25-E25) -> 0
B26: Expense Catagory #5 | D26: 0 | E26: =if(isblank($B26), "", sumif('Expense Tracker'!$E:$E,$B26,'Expense Tracker'!$C:$C)) -> 0 | F26: =if(isblank($B26), "", D26-E26) -> 0
B27: Expense Catagory #6 | D27: 0 | E27: =if(isblank($B27), "", sumif('Expense Tracker'!$E:$E,$B27,'Expense Tracker'!$C:$C)) -> 0 | F27: =if(isblank($B27), "", D27-E27) -> 0
B28: Expense Catagory #7 | D28: 0 | E28: =if(isblank($B28), "", sumif('Expense Tracker'!$E:$E,$B28,'Expense Tracker'!$C:$C)) -> 0 | F28: =if(isblank($B28), "", D28-E28) -> 0 | K28: =if(isblank($H28), "", sumif('Expense Tracker'!$J:$J,$H28,'Expense Tracker'!$H:$H)) | L28: =if(isblank($H28), "", K28-J28)
B29: Expense Catagory #8 | D29: 0 | E29: =if(isblank($B29), "", sumif('Expense Tracker'!$E:$E,$B29,'Expense Tracker'!$C:$C)) -> 0 | F29: =if(isblank($B29), "", D29-E29) -> 0 | K29: =if(isblank($H29), "", sumif('Expense Tracker'!$J:$J,$H29,'Expense Tracker'!$H:$H)) | L29: =if(isblank($H29), "", K29-J29)
B30: Expense Catagory #9 | D30: 0 | E30: =if(isblank($B30), "", sumif('Expense Tracker'!$E:$E,$B30,'Expense Tracker'!$C:$C)) -> 0 | F30: =if(isblank($B30), "", D30-E30) -> 0 | K30: =if(isblank($H30), "", sumif('Expense Tracker'!$J:$J,$H30,'Expense Tracker'!$H:$H)) | L30: =if(isblank($H30), "", K30-J30)
B31: Expense Catagory #10 | D31: 0 | E31: =if(isblank($B31), "", sumif('Expense Tracker'!$E:$E,$B31,'Expense Tracker'!$C:$C)) -> 0 | F31: =if(isblank($B31), "", D31-E31) -> 0 | K31: =if(isblank($H31), "", sumif('Expense Tracker'!$J:$J,$H31,'Expense Tracker'!$H:$H)) | L31: =if(isblank($H31), "", K31-J31)
B32: Edit Theese Boxes Only

Sheet Expense Tracker
A1: Monthly Budget Expense Tracker
B4: Expenses | G4: Vacation Fund
B6: Date | C6: Amount | D6: Description | E6: Category | G6: Date | H6: Amount | I6: Description | J6: Category
I7: Vacation Fund | J7: Vacation Budget
G8: Edit This Box Only
B36: Edit Theese Boxes Only
